 Dungeon Crawl Stone Soup version 0.21.1-1-g345015fe64 (webtiles) character file.

80 Razbojnik the Conjurer (level 4, -2/24 HPs)
             Began as a Deep Elf Conjurer on July 28, 2018.
             Killed by divine providence
             ... invoked by an orc priest
              (17 damage)
             ... on level 3 of the Dungeon.
             The game lasted 00:07:23 (2260 turns).

Razbojnik the Conjurer (Deep Elf Conjurer)          Turns: 2260, Time: 00:07:24

Health: -2/24      AC:  5    Str:  5    XL:     4   Next: 18%
Magic:  9/12       EV: 13    Int: 21    God:
Gold:   66         SH:  0    Dex: 15    Spells: 1/11 levels left

rFire    . . .     SeeInvis .   q - +0 hunting sling
rCold    . . .     Gourm    .   (no shield)
rNeg     . . .     Faith    .   a - +0 robe
rPois    .         Spirit   .   (no helmet)
rElec    .         Reflect  .   (no cloak)
rCorr    .         Harm     .   (no gloves)
MR       .....                  k - +2 pair of boots
Stlth    ++........             (no amulet)
HPRegen  0.08/turn              (no ring)
MPRegen  0.13/turn              (no ring)

@: no status effects
A: no striking features
a: no special abilities


You were on level 3 of the Dungeon.
You were not hungry.

You visited 1 branch of the dungeon, and saw 3 of its levels.

You collected 66 gold pieces.

Inventory:

Hand Weapons
 p - a +0 dagger
 q - a +0 hunting sling (weapon)
Missiles
 j - 5 javelins
 r - 78 stones (quivered)
Armour
 a - a +0 robe (worn)
 h - a +0 pair of boots
 k - a +2 pair of boots (worn)
Scrolls
 e - 5 scrolls of teleportation {unknown}
 f - a scroll of blinking {unknown}
 g - 2 scrolls of enchant armour {unknown}
 i - a scroll of amnesia {unknown}
 n - a scroll of fear {unknown}
 t - 2 scrolls of identify {unknown}
 u - 2 scrolls of remove curse {unknown}
 v - a scroll of noise {unknown}
Potions
 d - a potion of heal wounds {unknown}
 l - a potion of berserk rage {unknown}
 o - 2 potions of haste {unknown}
 s - a potion of resistance {unknown}
Books
 b - a book of Conjurations

   Spells                             Type                      Level
   a - Magic Dart                     Conjuration                  1
   b - Searing Ray                    Conjuration                  2
   c - Dazzling Spray                 Conjuration/Hexes            3
   d - Fulminant Prism                Conjuration/Hexes            4
   e - Force Lance                    Conjuration/Translocation    4
   f - Iskenderun's Mystic Blast      Conjuration                  4
 m - a book of Minor Magic

   Spells                             Type                      Level
   a - Magic Dart                     Conjuration                  1
   b - Blink                          Translocation                2
   c - Call Imp                       Summoning                    2
   d - Slow                           Hexes                        2
   e - Conjure Flame                  Conjuration/Fire             3
   f - Mephitic Cloud                 Conjuration/Poison/Air       3
Comestibles
 c - 4 rations


   Skills:
 - Level 2.4 Dodging
 - Level 2.4 Stealth
 - Level 4.1 Spellcasting
 - Level 5.0 Conjurations
 + Level 3.2 Hexes


You had one spell level left.
You knew the following spells:

 Your Spells              Type           Power        Failure   Level  Hunger
a - Magic Dart            Conj           ####         1%          1    None
b - Searing Ray           Conj           ####..       2%          2    #......
c - Dazzling Spray        Conj/Hex       ###...       6%          3    ###....
d - Fulminant Prism       Conj/Hex       ###.......   22%         4    ####...


Dungeon Overview and Level Annotations

Branches:
Dungeon (3/15)

Altars:
Wu Jian
Yredelemnul

Annotations:
D:3 RobertB's ghost, amateur OpAr


Message History

The magic dart hits the orc.
The orc is moderately wounded.
Casting: Magic Dart
Confirm with . or Enter, or press ? or * to list all spells.
Aiming: Magic Dart
Press: ? - help, Shift-Dir - straight line, f/p - orc
Aim: an orc, wielding a trident and wearing a ring mail (lightly wounded)
The magic dart hits the orc.
The orc is heavily wounded.
Casting: Magic Dart
Confirm with . or Enter, or press ? or * to list all spells.
Aiming: Magic Dart
Press: ? - help, Shift-Dir - straight line, f/p - orc
Aim: an orc, wielding a trident and wearing a ring mail (heavily wounded)
The magic dart hits the orc.
You kill the orc!
The orc priest invokes the aid of Beogh against you.
Beogh smites you!
Ouch! That really hurt!
You die...

... #..#.......# .(......
#<##.####### ........####.##.#
######.
#....../.##...o.#####......#
###......#.##...)............#
..................####.......#
..........##......# #........#
......†...##......###.########
...........#.@.....†..#
...............<.....#.### #..
.#...............#.### ...
#.###.###...........#####
#.###.#......................
##..##.#...#.....######.......
.............>...##### #.#####
###....#####.....##..# .#
#......## ####......# ..


You could see an orc priest.

Vanquished Creatures
  3 adders (D:2)
  An ooze (D:1)
  A worm (D:2)
  A dart slug (D:1)
  3 orcs (D:3)
  A giant cockroach (D:1)
  8 goblins
  7 hobgoblins
  3 kobolds
  A quokka (D:2)
  A ball python (D:1)
  4 bats
  A frilled lizard (D:2)
  6 rats
41 creatures vanquished.

Notes
Turn   | Place    | Note
-------+----------+-------------------------------------------
     0 | D:1      | Razbojnik the Deep Elf Conjurer began the quest for the Orb.
     0 | D:1      | Reached XP level 1. HP: 10/10 MP: 6/6
   192 | D:1      | Reached XP level 2. HP: 15/15 MP: 1/8
   202 | D:1      | Learned a level 2 spell: Searing Ray
   955 | D:2      | Reached skill level 5 in Conjurations
   955 | D:2      | Reached XP level 3. HP: 19/19 MP: 5/10
   960 | D:2      | Learned a level 3 spell: Dazzling Spray
  1166 | D:2      | Reached skill level 1 in Hexes
  1447 | D:2      | Found a basalt altar of Yredelemnul.
  1553 | D:2      | Reached XP level 4. HP: 24/24 MP: 7/12
  1560 | D:2      | Learned a level 4 spell: Fulminant Prism
  1805 | D:2      | Found an ornate altar of the Wu Jian Council.
  2045 | D:3      | Noticed RobertB's ghost (amateur OpAr)
  2260 | D:3      | Killed from afar by an orc priest

Skill      XL: |  1  2  3  4 |
---------------+-------------+-----
Spellcasting   | 4 |  4.1
Conjurations   | 5 |  5.0
Hexes          | 2 3 |  3.2
Dodging        | |  2.4
Stealth        | |  2.4

Action                   |  1- 3 |  4- 6 || total
-------------------------+-------+-------++-------
 Cast: Magic Dart        |    74 |    15 ||    89
       Searing Ray       |     2 |       ||     2
  Eat: Chunk             |     2 |       ||     2
       Ration            |       |     1 ||     1
Dodge: Dodged            |     6 |       ||     6
